cohdb
Replays
Latest Replays
All Replays
Popular Replays
Top Player Replays
Match Explorer
How It Works
Community
CoH3 Stats
Reddit
Sign in to upload your games and track your stats! →
Sign in with Steam
Match 44937274
Unlisted
Match 44937274
Overview
Messages
Build Orders
End
Construct Section Command Post
Vickers Machine Gun Team
Infantry Section
Infantry Section
Construct Platoon Command Post
Infantry Section
Selects Air and Sea Battlegroup
Selects Air and Sea Battlegroup
Selects Supply Surplus
Construct Resource Cache
Humber Armored Car
Construct Resource Cache
6-pounder Anti-tank Gun Team
Construct Field Infirmary
Unlock Bishop Self-propelled Artillery
Kanade
GohanのFans
Valkyrie_Tone
Gwangju's Hero Chun Doo-gwang
Goliath
frostie
0
0
Comments
sign in to comment!
No comments posted yet!